AoeStats
← BottleDry

Highland

506300118Analyzed
3v3 RM · 20d ago on Sep 13, 2026· 54m 34s· 6 players
Game mode
Random Map
Map size
Normal (6 player)
Population
200
Speed
Normal
Resources
Standard
Victory
Conquest
Starting age
Dark Age
Ending age
Imperial Age
RankedLock teamsTeams togetherTeam positionsShared explorationLock speedFull tech treeHidden civsTurbo modeCheats
Victory
Defeat
🇺🇸 Mongols · United States
1058
+13
1018
+15
🇺🇸 Japanese · United States
897
+19
🇦🇷 Huns · Argentina
999
-16
🇺🇸 Wei · United States
983
-16
🇹🇼 Italians · Taiwan
973
-15
Yaksha Cao Cao
3:59 Loom
10:47 Feudal Age
12:04 Double-Bit Axe
17:13 Bloodlines
21:48 Castle Age
21:02 Horse Collar
21:14 Gold Mining
21:15 Stone Mining
22:10 Wheelbarrow
21:53 Scale Barding Armor
22:30 Husbandry
21:51 Light Cavalry
22:48 Scale Barding Armor
23:30 Bow Saw
23:23 Heavy Plow
24:23 Thumb Ring
25:21 Gold Shaft Mining
25:43 Fletching
25:54 Padded Archer Armor
26:48 Ballistics
27:37 Bodkin Arrow
27:58 Leather Archer Armor
32:24 Imperial Age
32:35 Stone Shaft Mining
32:30 Chain Barding Armor
32:21 Forging
34:10 Crop Rotation
34:17 Conscription
35:03 Parthian Tactics
35:22 Ring Archer Armor
36:57 Hand Cart
37:48 Iron Casting
38:43 Tuntian
38:27 Hussar
40:44 Bracer
41:46 Blast Furnace
44:56 Ming Guang Armor
44:33 Tuntian
47:45 Chemistry
Entresto
9:31 Feudal Age
9:59 Double-Bit Axe
17:54 Castle Age
16:19 Fletching
16:29 Padded Archer Armor
16:41 Padded Archer Armor
17:29 Forging
17:20 Scale Mail Armor
17:27 Scale Mail Armor
18:07 Gold Mining
19:49 Loom
23:21 Crossbowman
31:38 Imperial Age
30:04 Iron Casting
29:45 Chain Mail Armor
29:56 Chain Mail Armor
30:02 Horse Collar
30:46 Bow Saw
31:51 Heavy Plow
33:10 Wheelbarrow
33:22 Squires
33:08 Arson
34:07 Plate Mail Armor
35:31 Town Watch
36:23 Conscription
36:59 Hand Cart
38:38 Two-Man Saw
38:49 Crop Rotation
39:51 Chemistry
39:12 Ballistics
38:48 Murder Holes
39:24 Thumb Ring
38:59 Arbalester
39:56 Padded Archer Armor
39:59 Bodkin Arrow
40:22 Fortified Wall
41:49 Blast Furnace
41:13 Leather Archer Armor
46:19 Scale Barding Armor
48:15 Light Cavalry
49:05 Bloodlines
48:56 Husbandry
49:55 Hussar
53:52 Chain Barding Armor
55:09 Plate Barding Armor
w4br9u364q6
0:38 Loom
11:52 Feudal Age
16:33 Castle Age
15:58 Stone Mining
15:58 Double-Bit Axe
15:56 Horse Collar
20:53 Bow Saw
23:44 Wheelbarrow
24:07 Gold Mining
26:51 Hand Cart
28:32 Heavy Plow
29:21 Gold Shaft Mining
29:47 Town Watch
30:07 Padded Archer Armor
29:57 Fletching
30:14 Scale Barding Armor
29:48 Elite Skirmisher
30:34 Thumb Ring
31:07 Town Patrol
34:54 Imperial Age
33:24 Leather Archer Armor
33:04 Bodkin Arrow
33:20 Forging
33:38 Ballistics
33:30 Masonry
35:22 Husbandry
35:32 Bloodlines
35:49 Bracer
36:11 Chain Barding Armor
35:38 Light Cavalry
38:11 Plate Barding Armor
38:12 Iron Casting
37:53 Caravan
38:23 Coinage
38:03 Guilds
37:38 Elite Tarkan
38:41 Conscription
37:51 Sappers
37:55 Hussar
39:03 Parthian Tactics
40:35 Chemistry
41:08 Blast Furnace
46:13 Banking
48:35 Squires
BottleDry
7:31 Loom
11:08 Feudal Age
16:15 Castle Age
14:12 Double-Bit Axe
19:51 Horse Collar
22:56 Gold Mining
23:03 Gold Mining
23:57 Fletching
25:30 Scale Mail Armor
25:33 Gambesons
27:36 Wheelbarrow
27:08 Squires
27:26 Stone Mining
29:00 Bow Saw
29:04 Heavy Plow
29:51 Chain Mail Armor
29:46 Forging
29:37 Town Watch
30:33 Bodkin Arrow
31:20 Iron Casting
31:33 Yasama
32:29 Gold Shaft Mining
32:52 Chain Mail Armor
33:24 Arson
37:07 Imperial Age
36:02 Bodkin Arrow
36:07 Padded Archer Armor
36:41 Elite Skirmisher
37:40 Leather Archer Armor
38:27 Conscription
37:40 Elite Samurai
38:56 Plate Mail Armor
40:22 Blast Furnace
43:39 Ballistics
44:21 Chemistry
43:34 Pikeman
47:47 Town Patrol
49:15 Man-at-Arms
51:44 Long Swordsman
52:57 Elite Cannon Galleon
DreamMurders
4:36 Loom
11:34 Feudal Age
12:44 Gold Mining
19:05 Castle Age
19:07 Scale Barding Armor
20:48 Double-Bit Axe
22:38 Forging
23:26 Bloodlines
23:17 Husbandry
25:46 Bow Saw
26:40 Wheelbarrow
26:01 Elite Skirmisher
27:10 Horse Collar
29:04 Stone Mining
30:35 Caravan
31:22 Hand Cart
30:57 Town Watch
32:58 Heavy Plow
33:25 Ballistics
37:43 Fletching
37:54 Padded Archer Armor
38:40 Thumb Ring
39:34 Coinage
39:40 Fortified Wall
40:22 Chain Barding Armor
40:39 Iron Casting
40:04 Bodkin Arrow
43:58 Imperial Age
41:32 Town Patrol
42:44 Leather Archer Armor
43:10 Masonry
43:29 Light Cavalry
44:33 Elite Steppe Lancer
44:46 Hussar
45:30 Bracer
46:43 Gold Shaft Mining
46:44 Stone Shaft Mining
47:20 Blast Furnace
48:33 Parthian Tactics
47:28 Heavy Cavalry Archer
48:49 Banking
48:21 Scale Mail Armor
49:10 Elite Mangudai
50:11 Conscription
49:56 Nomads
54:34 Chemistry
53:40 Siege Engineers
Anastasia Nikolaevna Romanova
14:13 Feudal Age
14:42 Horse Collar
14:49 Double-Bit Axe
17:13 Stone Mining
22:18 Castle Age
22:19 Forging
22:10 Scale Mail Armor
23:05 Squires
24:54 Bow Saw
26:15 Wheelbarrow
27:56 Heavy Plow
28:14 Gold Mining
29:09 Hand Cart
31:34 Gold Shaft Mining
31:19 Masonry
34:21 Imperial Age
33:18 Town Watch
36:59 Two-Man Saw
36:04 Treadmill Crane
36:35 Fortified Wall
37:55 Conscription
40:09 Iron Casting
39:49 Chain Mail Armor
39:40 Scale Barding Armor
39:35 Padded Archer Armor
40:18 Artillery
39:39 Elite Janissary
40:57 Architecture
40:49 Bombard Tower
43:11 Blast Furnace
42:36 Town Patrol
42:53 Husbandry
43:03 Bloodlines
43:23 Chain Barding Armor
42:36 Heavy Camel Rider
44:48 Leather Archer Armor
48:11 Plate Barding Armor
48:07 Ring Archer Armor
Connection lost

Rejoining the realm…

Still unreachable

The connection could not be restored.

Session expired

The server has moved on; the page needs a fresh start.